 Dungeon Crawl Stone Soup version 0.30.1-11-g7821555f0a (webtiles) character file.

Game seed: 1053795490580021318

2085 H0rd4k the Carver (level 9, -8/68 HPs)
             Began as a Human Artificer on Nov 23, 2023.
             Mangled by a sleepcap (16 damage)
             ... on level 6 of the Dungeon.
             The game lasted 00:05:35 (6267 turns).

H0rd4k the Carver (Human Artificer)                 Turns: 6267, Time: 00:05:36

Health: -8/68      AC:  3    Str: 12    XL:     9   Next: 51%
Magic:  9/9        EV:  2    Int: 21    God:
Gold:   339        SH:  0    Dex: 15    Spells: 8/8 levels left

rFire   . . .        t - +6 falchion of Purpose {flame, rC+ Int+6}
rCold   + . .        (no shield)
rNeg    . . .        b - +0 leather armour
rPois   .            (no helmet)
rElec   .            (no cloak)
rCorr   .            (no gloves)
SInv    .            (no boots)
Will    .....        (no amulet)
Stlth   +            (no ring)
HPRegen 0.31/turn    (no ring)
MPRegen 0.11/turn

%: no passive effects
@: sleeping, studying Stealth
A: no striking features
a: no special abilities


You were on level 6 of the Dungeon.
You visited 2 branches of the dungeon, and saw 8 of its levels.

You collected 339 gold pieces.

Inventory:

Hand Weapons
 t - the +6 falchion of Purpose (weapon) {flame, rC+ Int+6}
   (You found it on level 3 of the Dungeon)

   Int:       It affects your intelligence (+6).
   rC:        It protects you from cold.
Missiles
 n - 16 poisoned darts
 w - 2 throwing nets
 I - 2 datura-tipped darts
Armour
 b - a +0 leather armour (worn)
Magical Staves
 r - a staff of earth
 K - a staff of poison
Jewellery
 H - a ring of willpower
Wands
 c - a wand of paralysis (10) (quivered)
 d - a wand of charming (8)
 e - a wand of iceblast (2)
 E - a wand of polymorph (9)
 L - a wand of roots (13)
Scrolls
 g - a scroll of amnesia {unknown}
 l - 2 scrolls of enchant weapon {unknown}
 m - 2 scrolls of brand weapon {unknown}
 o - 3 scrolls of identify {unknown}
 p - 2 scrolls of poison {unknown}
 q - a scroll of butterflies {unknown}
 u - 4 scrolls of teleportation {unknown}
 x - 2 scrolls of blinking {unknown}
 y - a scroll of immolation {unknown}
 C - a scroll of enchant armour {unknown}
 D - a scroll of vulnerability {unknown}
 G - 2 scrolls of fear {unknown}
 J - a scroll of acquirement {unknown}
Potions
 a - a potion of lignification {unknown}
 f - a potion of magic {unknown}
 h - 2 potions of brilliance {unknown}
 i - 3 potions of curing {unknown}
 j - a potion of haste {unknown}
 k - 3 potions of resistance {unknown}
 s - 3 potions of heal wounds {unknown}
 v - a potion of mutation {unknown}
 z - a potion of berserk rage {unknown}
 A - a potion of invisibility {unknown}
 B - 2 potions of ambrosia {unknown}
 F - 2 potions of degeneration {unknown}


   Skills:
 + Level 5.2 Fighting
 + Level 8.1 Long Blades
 - Level 1.3 Maces & Flails
 - Level 2.0 Armour
 + Level 5.3 Dodging
 - Level 1.0 Stealth
 + Level 4.9 Evocations


You had 8 spell levels left.
You didn't know any spells.
Your spell library contained the following spells:

 Spells                   Type           Power      Damage    Failure   Level
 Summon Guardian Golem    Hex/Summ       0%         N/A       56%         3
 Cause Fear               Hex            0%         N/A       92%         4
 Dragon Form              Tmut           0%         N/A       100%        7
 Orb of Destruction       Conj           0%         9d5       100%        7
 Spellforged Servitor     Conj/Summ      0%         N/A       100%        7
 Dragon's Call            Summ           0%         N/A       100%        9


Dungeon Overview and Level Annotations

Branches:
Dungeon (7/15)             Temple (1/1) D:6

Altars:
Ashenzari
Cheibriados
Dithmenos
Elyvilon
Fedhas
Hepliaklqana
Kikubaaqudgha
Makhleb
Nemelex Xobeh
Okawaru
Qazlal
Sif Muna
Trog
Vehumet
Xom
The Shining One

Shops:
D:5 *


Message History

There is a stone staircase leading up here.
The howler monkey closely misses you. The sleepcap misses you.
You climb upwards.
There is a stone staircase leading down here.
The howler monkey hoots and howls with incredible vigour!
The howler monkey attacks as you move away!
The howler monkey hits you.
* * * LOW HITPOINT WARNING * * *
The howler monkey attacks as you move away!
The howler monkey barely misses you.
The howler monkey hoots and howls with incredible vigour!
You closely miss the howler monkey. The howler monkey hits you!
* * * LOW HITPOINT WARNING * * *
You slash the howler monkey! You burn the howler monkey.
The howler monkey is almost dead.
The howler monkey hits you.
* * * LOW HITPOINT WARNING * * *
Aiming: Charm
Press: ? - help, Shift-Dir - straight line, f - howler monkey
Aim: a howler monkey (almost dead, catching its breath, chance to affect: 70%)
The howler monkey is charmed.
The sleepcap releases spores at your howler monkey.
Your howler monkey dies!
Unknown command.
Aiming: Iceblast
Press: ? - help, Shift-Dir - straight line, f - sleepcap
Aim: a sleepcap The mass of ice explodes!
The iceblast engulfs the sleepcap!
The sleepcap is heavily damaged.
Unknown command.
You slash the sleepcap! You burn the sleepcap.
The sleepcap is almost destroyed.
You hit the sleepcap but do no damage.
The sleepcap is almost destroyed.
The sleepcap releases spores at you.
* * * LOW HITPOINT WARNING * * *
You are engulfed in a cloud of soporific spores!
You fall asleep.
The sleepcap releases spores at you!
You die...

#.......#.#
#######.#####.#.#
#.....#.#.###.#.## #
#.....#..#.##^...###
#>..................
#.....#..#.##....###
#.....#.#.###.#.## #
###f###.#####.#.#
###@###.......#.#
#........######+##
#.#.####.# ##...##
#.#..###.# ##.....##
#.##..##.###.......#
#.##...#.##.........
#.......<.'.........
####...####.........
#..## ##.......#


You could see a sleepcap.

Vanquished Creatures
  4 yaks (D:6)
  Menkaure (D:7)
  A water moccasin (D:6)
  A black bear (D:4)
  2 ice beasts
  4 centaurs (D:6)
  2 phantoms
  A scorpion (D:6)
  A howler monkey (D:7)
  2 jellies (D:5)
  A hound (D:5)
  2 orc priests (D:3)
  An iguana (D:5)
  An orc wizard (D:3)
  4 gnolls
  An adder (D:3)
  A worm (D:2)
  3 dart slugs
  14 orcs
  8 endoplasms
  5 giant cockroaches
  3 goblins
  11 hobgoblins
  3 jackals (D:1)
  5 kobolds
  3 quokkas (D:1)
  4 ball pythons
  4 bats
  4 frilled lizards
  7 rats
104 creatures vanquished.

Vanquished Creatures (collateral kills)
  An ice beast (D:6)
  A scorpion (D:5)
  A ball python (D:3)
3 creatures vanquished.

Vanquished Creatures (others)
  A yak (D:6)
  A black bear (D:5)
  A howler monkey (D:6)
  A ball python (D:1)
4 creatures vanquished.

Grand Total: 111 creatures vanquished

Notes
Turn   | Place    | Note
-------+----------+-------------------------------------------
     0 | D:1      | H0rd4k the Human Artificer began the quest for the Orb.
     0 | D:1      | Reached XP level 1. HP: 15/15 MP: 1/1
    99 | D:1      | Reached XP level 2. HP: 15/21 MP: 2/2
   451 | D:1      | Reached XP level 3. HP: 4/26 MP: 3/3
  1211 | D:2      | Reached skill level 1 in Maces & Flails
  1458 | D:2      | You fall into a shaft and drop 1 floor!
  1492 | D:3      | Identified the +6 falchion of Purpose {flame, rC+ Int+6}
  1503 | D:3      | Reached XP level 4. HP: 24/32 MP: 4/4
  1690 | D:3      | Reached XP level 5. HP: 35/38 MP: 5/5
  1717 | D:3      | Found an iron altar of Okawaru.
  1782 | D:3      | Reached skill level 1 in Long Blades
  1895 | D:3      | Found a glowing golden altar of the Shining One.
  2311 | D:3      | Found a stormy altar of Qazlal.
  2492 | D:3      | Reached skill level 2 in Long Blades
  2624 | D:3      | Reached XP level 6. HP: 44/44 MP: 6/6
  2781 | D:4      | Reached skill level 3 in Long Blades
  3011 | D:4      | Noticed a black bear
  3018 | D:4      | Killed a black bear
  3374 | D:4      | Identified the +0 leather armour of Mumblety Peg {rElec
                  | rF++ rC+++ Dex-5}
  3471 | D:5      | Entered Level 5 of the Dungeon
  3471 | D:5      | Noticed an ice beast
  3476 | D:5      | Killed an ice beast
  3477 | D:5      | Reached skill level 4 in Long Blades
  3477 | D:5      | Reached XP level 7. HP: 51/51 MP: 7/7
  3603 | D:5      | Noticed a shadow
  3604 | D:5      | Found a shadowy altar of Dithmenos.
  3605 | D:5      | Found a hazy altar of Hepliaklqana.
  3991 | D:5      | Reached skill level 5 in Long Blades
  4058 | D:5      | Found Qaga's Elemental Accessories.
  4311 | D:5      | Found a white marble altar of Elyvilon.
  4534 | D:6      | Reached XP level 8. HP: 36/58 MP: 8/8
  4812 | D:6      | Reached skill level 6 in Long Blades
  4896 | D:6      | Found a staircase to the Ecumenical Temple.
  4924 | Temple   | Entered the Ecumenical Temple
  5313 | D:6      | Noticed a yak
  5314 | D:6      | Noticed a yak
  5318 | D:6      | Noticed a yak
  5322 | D:6      | Noticed a yak
  5323 | D:6      | Noticed a yak
  5325 | D:6      | Killed a yak
  5327 | D:6      | Killed a yak
  5334 | D:6      | Killed a yak
  5335 | D:6      | Reached skill level 7 in Long Blades
  5335 | D:6      | Reached XP level 9. HP: 38/66 MP: 9/9
  5595 | D:6      | Reached skill level 5 in Dodging
  5810 | D:6      | Found a blossoming altar of Fedhas.
  5829 | D:6      | Reached skill level 5 in Fighting
  6235 | D:7      | Noticed Menkaure
  6246 | D:7      | Killed Menkaure
  6247 | D:7      | Reached skill level 8 in Long Blades
  6267 | D:6      | Mangled by a sleepcap

Illustrated notes

Levels and vault maps discovered:
D:1:      lightli_iron_boxes, layout_loops_ring
D:2:      layout_basic, basic_ecumenical_altar
D:3:      layout_basic, okawaru_altar_gauntlet_db, mainiacjoe_overflow_alcove_4,
          tso_oasis_becter
D:4:      layout_loops_ring, dreamdust_wishing_well, serial_park_tiny_2
D:5:      layout_loops_corners, riverfiend_overflow_shadow_ancestor,
          nicolae_overflow_hidden_temple, nicolae_elemental_shop,
          grunt_ministairs_4, fountainhead
D:6:      layout_loops_corners, fedhas_bush_and_centaur_altar,
          minmay_temple_entry_grid, minmay_manual_mares
D:7:      nicolae_BIG_FREAKIN_CUBE, layout_rooms, nicolae_uskayaw_suspiria,
          uniq_menkaure
Temple:   jpeg_temple_island

Skill      XL: |  1  2  3  4  5  6  7  8  9 |
---------------+----------------------------+-----
Maces & Flails | 1 |  1.3
Dodging        | 2 3 4 5 |  5.3
Long Blades    | 2 4 5 7 8 |  8.1
Fighting       | 2 3 4 5 |  5.2
Evocations     | 4 |  4.9
Armour         | |  2.0
Stealth        | |  1.0

Action                     |  1- 3 |  4- 6 |  7- 9 || total
---------------------------+-------+-------+-------++-------
  Melee: Club              |   197 |       |       ||   197
         Punch             |     3 |     2 |       ||     5
         Falchion          |     1 |   109 |   107 ||   217
  Evoke: Wand              |     5 |     6 |    14 ||    25
   Stab: Sleeping          |     2 |     1 |       ||     3
         Distracted        |       |     1 |       ||     1
 Armour: Leather armour    |    71 |    19 |    28 ||   118
  Dodge: Dodged            |   149 |    63 |    81 ||   293
